Map: Cactus Valley LE (Void)

Players

Railgan - Winner!

  • Race: Zerg Zerg
  • League: Grandmaster
  • Spawn Location: 7:00

ZipperTheFly

  • Race: Terran Terran
  • League: Master
  • Spawn Location: 11:00

VOD

Have the link to the VOD?

Description

Time

  • Played on: March 24, 2017, 8:18 p.m.
  • Length: 8:52
Show
View Real Time Build Order
Export as new Build Order

Railgan Zerg - Winner!

Build Orders: Pool First 

Get SALT Encoding   

  12  0:01  Drone  
  13  0:12  Overlord  
  13  0:17  Drone  
  14  0:30  Drone x2  
  14  0:34  Drone  
  17  0:48  Drone, Spawning Pool  
  17  0:55  Drone  
  18  1:12  Hatchery  
  18  1:13  Extractor  
  18  1:16  Drone  
  18  1:18  Drone  
  18  1:34  Zergling x2  
  18  1:35  Queen  
  21  1:42  Drone  
  22  1:49  Overlord  
  22  2:11  Drone x2  
  22  2:13  Queen  
  26  2:23  Queen  
  27  2:34  Drone  
  27  2:35  Drone  
  27  2:36  Drone x2, Metabolic Boost  
  31  2:44  Drone  
  31  2:45  Drone x3  
  31  2:48  Zergling x2  
  36  3:02  Drone, Spore Crawler  
  37  3:10  Evolution Chamber  
  36  3:14  Overlord  
  36  3:19  Extractor, Drone  
  36  3:20  Extractor x2, Drone  
  36  3:21  Drone  
  36  3:25  Overlord  
  36  3:30  Overlord  
  36  3:34  Drone x6  
  41  3:42  Zerg Ground Armor Level 1  
  41  3:46  Drone x3  
  44  3:56  Lair, Drone  
  44  3:57  Drone  
  44  3:59  Drone  
  44  4:02  Zergling x2  
  48  4:07  Zergling x6  
  48  4:08  Zergling x2  
  52  4:16  Overlord  
  52  4:20  Drone x3  
  52  4:22  Drone  
  56  4:28  Zergling x2  
  56  4:29  Queen  
  59  4:34  Overlord  
  59  4:38  Zergling x2  
  60  4:44  Overlord  
  60  4:48  Zergling x10  
  65  4:56  Hydralisk Den  
  65  4:58  Zergling x4  
  65  4:59  Zergling x2  
  67  5:02  Zergling x2  
  68  5:09  Drone  
  68  5:11  Drone  
  68  5:13  Evolution Chamber  
  69  5:17  Hatchery  
  69  5:18  Zergling x2  
  68  5:29  Zergling x12  
  72  5:36  Hydralisk  
  72  5:37  Zerg Ground Armor Level 2  
  72  5:39  Zerg Missile Weapons Level 1  
  72  5:47  Drone x3  
  72  5:49  Hydralisk  
  67  5:50  Hydralisk  
  67  5:56  Muscular Augments  
  62  6:05  Hydralisk x2  
  62  6:10  Drone  
  67  6:16  Hydralisk  
  67  6:17  Hydralisk  
  71  6:19  Hydralisk  
  73  6:26  Hydralisk x5  
  73  6:32  Overlord  
  83  6:40  Overlord  
  83  6:44  Hydralisk x2  
  83  6:45  Queen  
  83  6:47  Drone  
  90  6:48  Overlord  
  90  6:53  Drone x2  
  92  6:54  Hydralisk  
  92  6:56  Drone  
  92  7:01  Drone x4  
  99  7:02  Drone  
  99  7:06  Drone  
  99  7:16  Drone x2  
  99  7:18  Drone x2  
  99  7:20  Hydralisk  
  105  7:23  Drone x4  
  109  7:36  Drone x2  
  104  7:44  Drone  
  104  7:45  Hydralisk x2  
  104  7:47  Extractor  
  104  7:48  Extractor  
  107  7:51  Hydralisk  
  107  7:52  Hydralisk x2  
  107  7:58  Overlord  
  113  7:59  Overlord  
  113  8:00  Hatchery  
  113  8:02  Zergling x2  
  113  8:06  Overlord  
  113  8:08  Overlord  
  113  8:14  Overlord x2  
  113  8:16  Hydralisk x4  
  121  8:20  Hydralisk  
  121  8:26  Hydralisk x3  
  125  8:32  Zergling x2  
Show
View Real Time Build Order
Export as new Build Order

ZipperTheFly Terran 

Build Orders: Reaper Expand, MMM Bio 

Get SALT Encoding   

  12  0:00  SCV  
  13  0:12  SCV  
  14  0:18  Supply Depot  
  14  0:24  SCV  
  15  0:40  SCV  
  15  0:42  Barracks  
  16  0:45  Refinery  
  16  0:52  SCV  
  17  1:04  SCV  
  18  1:16  SCV  
  19  1:30  Reaper, Orbital Command  
  20  1:46  Command Center  
  20  2:00  SCV  
  21  2:06  Barracks Reactor  
  20  2:11  Barracks  
  20  2:12  SCV  
  21  2:17  Supply Depot  
  21  2:25  SCV  
  22  2:37  SCV  
  22  2:39  Refinery  
  22  2:40  Factory  
  23  2:45  Marine x2  
  25  2:51  SCV  
  26  3:01  Orbital Command  
  26  3:04  Barracks Tech Lab  
  25  3:06  Marine x2  
  25  3:08  SCV  
  28  3:20  SCV  
  28  3:22  Stimpack  
  28  3:24  Marine x2  
  28  3:25  Marine  
  32  3:27  SCV  
  32  3:32  SCV  
  34  3:38  Supply Depot  
  34  3:39  SCV  
  35  3:41  Marine  
  35  3:42  Marine  
  35  3:43  Marine  
  35  3:44  SCV  
  39  3:51  SCV  
  39  3:52  Factory Reactor  
  39  3:55  Starport  
  40  3:59  Marine x2  
  40  4:01  Marine, Supply Depot  
  43  4:03  SCV  
  44  4:10  SCV  
  44  4:15  SCV  
  46  4:17  Marine x2  
  46  4:18  Marine  
  46  4:23  SCV  
  50  4:24  Supply Depot  
  50  4:27  SCV  
  51  4:35  SCV  
  54  4:38  Medivac  
  54  4:39  Medivac, Marine  
  54  4:43  SCV  
  58  4:47  SCV  
  58  4:48  Engineering Bay x2  
  59  4:55  SCV  
  59  4:58  Command Center  
  60  5:03  Marine x2  
  60  5:06  SCV  
  63  5:08  SCV  
  64  5:17  Terran Infantry Armor Level 1, Terran Infantry Weapons Level 1  
  64  5:19  SCV  
  65  5:23  Marine  
  65  5:26  Combat Shields  
  59  5:49  Marine x2  
  54  5:55  SCV x2  
  49  6:07  SCV x2  
  49  6:08  Supply Depot  
  49  6:09  Barracks, Marine x2  
  49  6:10  Marine, Barracks  
  52  6:12  Barracks  
  52  6:14  Orbital Command  
  52  6:17  Refinery  
  52  6:18  Armory  
  52  6:19  Refinery, SCV x2  
  52  6:24  Factory Reactor  
  54  6:27  Marine x2  
  56  6:33  SCV x2, Orbital Command  
  58  6:46  Marine x2  
  61  6:50  Medivac x2  
  61  6:52  Supply Depot  
  61  6:53  Supply Depot  
  65  6:57  Supply Depot  
  65  6:59  Barracks, Barracks Tech Lab  
  65  7:00  Barracks Reactor  
  65  7:02  Barracks Reactor  
  65  7:06  Marine x2  
  65  7:07  SCV  
  65  7:08  SCV  
  68  7:20  Marauder  
  63  7:25  Marine x3  
  63  7:26  Marine  
  62  7:43  SCV x2  
  61  7:48  Marine  
  61  7:49  Marine x6  
  61  7:50  Siege Tank  
  61  7:51  Barracks Tech Lab  
  71  7:55  SCV  
  73  7:58  SCV  
  73  8:02  Marine  
  73  8:03  Marauder  
  76  8:06  Viking x2  
  76  8:09  SCV  
  76  8:10  SCV x2  
  83  8:19  Supply Depot x2  
  83  8:22  SCV  
  72  8:27  Marine x6  
  72  8:28  Marine x2  
  72  8:30  Marauder x2  
  87  8:34  SCV  
Tags
 
Add a new tag
Caveats
  • Supply blocks, unpowered buildings, or Contaminate may cause inaccurate times.
  • Supply counts are checked every 10 seconds.